 Dungeon Crawl Stone Soup version 0.28-a0-872-g80cf8599ee (webtiles) character file.

Game seed: 817504721699148555

4 jbasstz the Shield-Bearer (level 1, -13/18 HPs)
             Began as a Human Fighter on Nov 20, 2021.
             Mangled by a goblin (19 damage)
             ... on level 1 of the Dungeon.
             The game lasted 00:00:25 (281 turns).

jbasstz the Shield-Bearer (Human Fighter)            Turns: 281, Time: 00:00:25

Health: -13/18     AC:  6    Str: 16    XL:     1   Next: 66%
Magic:  1/1        EV:  9    Int:  8    God:
Gold:   0          SH:  4    Dex: 12    Spells: 0/0 levels left

rFire   . . .      SeeInvis .   a - +0 war axe
rCold   . . .      Faith    .   c - +0 buckler
rNeg    . . .      Spirit   .   b - +0 scale mail
rPois   .          Reflect  .   (no helmet)
rElec   .          Harm     .   (no cloak)
rCorr   .          Rampage  .   (no gloves)
Will    .....                   (no boots)
Stlth   ..........              (no amulet)
HPRegen 0.06/turn               (no ring)
MPRegen 0.07/turn               (no ring)

@: no status effects
A: no striking features
a: no special abilities


You were on level 1 of the Dungeon.
You visited 1 branch of the dungeon, and saw 1 of its levels.

Inventory:

Hand Weapons
 a - a +0 war axe (weapon)
Armour
 b - a +0 scale mail (worn)
 c - a +0 buckler (worn)
Scrolls
 e - a scroll of enchant weapon {unknown}
 f - a scroll of summoning {unknown}
Potions
 d - a potion of might


   Skills:
 + Level 3.0 Fighting
 + Level 2.0 Axes
 + Level 3.0 Armour
 + Level 3.1 Shields


You couldn't memorise any spells.
You didn't know any spells.
Your spell library was empty.

Dungeon Overview and Level Annotations

Branches:
Dungeon (1/15)

Altars:


Message History

e - a scroll labelled DEEMUA MEURPH
f - a scroll labelled VATUIL CIUWYUDE
Found a stone staircase leading down.
A goblin comes into view. It is wielding a +0 dagger.
The goblin shouts!
The goblin closely misses you.
You hit the goblin.
The goblin is severely wounded.
The goblin hits you but does no damage. x2
You slash the goblin!
You kill the goblin!
Found a mace.
There is a stone staircase leading down here.
Things that are here:
a +0 dagger; a goblin corpse
There is a stone staircase leading down here.
A rat comes into view.
A rat is nearby!
The rat bites you but does no damage.
You closely miss the rat. The rat bites you but does no damage.
You barely miss the rat. You block the rat's attack. The rat bites you.
You closely miss the rat. The rat bites you but does no damage.
You hit the rat.
The rat is moderately wounded.
The rat barely misses you.
You hit the rat.
You kill the rat!
You see here a rat corpse.
A goblin comes into view.
It is wielding a +0 dagger of electrocution.
The goblin shouts!
The goblin moves out of view.
Found 15 stones.
The goblin hits you with a +0 dagger of electrocution.
You are electrocuted!
Ouch! That really hurt!
You closely miss the goblin.
The goblin hits you with a +0 dagger of electrocution.
You are electrocuted!!
Ouch! That really hurt!
You die...

........#####.#
#..#.###......#.#
#. #.####.#.#.#.#
#. #......)...#.#
(. ######.#.#.#.#
#. #†#.#.#.# #.
#.#.#.#.#
#.#######.....#.#
#g@...........#.#
#...###.####...##.#
#...## #.# ##.###.#
##. #.# #.# #.# #
#.# #.# #.#
#.#####.# #.#
#....##.# #.#
####.##.# #.#
......#.###.#


You could see a goblin.

Vanquished Creatures
  A goblin (D:1)
  A hobgoblin (D:1)
  A ball python (D:1)
  A rat (D:1)
4 creatures vanquished.

Notes
Turn   | Place    | Note
-------+----------+-------------------------------------------
     0 | D:1      | jbasstz the Human Fighter began the quest for the Orb.
     0 | D:1      | Reached XP level 1. HP: 18/18 MP: 1/1
   281 | D:1      | Mangled by a goblin

Illustrated notes

Levels and vault maps discovered:
D:1:      dpeg_arrival_rooms_b, layout_loops_ring, chequers_serial_rivers_marsh,
          feat_on_display

Action                   || total
-------------------------++-------
Melee: War axe           ||    12
Armor: Scale mail        ||     7
Dodge: Dodged            ||     4
Block: Buckler           ||     1

Table legend: (Time is in decaauts)
 A = Elapsed time spent in this place.
 B = Non-inter-level travel time spent in this place.
 C = Inter-level travel time spent in this place.
 D = Time resting spent in this place.
 E = Time spent auto-exploring this place.
 F = Levels seen in this place.
 G = Mean time per level.
                   A        B        C        D        E       F      G
               +--------+--------+--------+--------+--------+-----+--------+
         Total |    285 |    285 |      0 |      0 |    248 |   1 |  285.0 |
       Dungeon |    285 |    285 |      0 |      0 |    248 |   1 |  285.0 |
               +--------+--------+--------+--------+--------+-----+--------+

Top non-repeatable levels by time:
     D:1: 285 daAuts
